 Dungeon Crawl Stone Soup version 0.31.0-9-g3a7656b989 (webtiles) character file.

Game seed: 3380786907927695388

1363852 GordonOverkill the Warmonger (level 26, 231/231 HPs)
             Began as a Merfolk Conjurer on Feb 1, 2024.
             Was a High Priest of Okawaru.
             Escaped with the Orb
             ... and 3 runes on Feb 2, 2024!
             The game lasted 03:20:54 (102312 turns).

GordonOverkill the Warmonger (Merfolk Conjurer)   Turns: 102312, Time: 03:20:54

Health: 231/231    AC: 42    Str: 22    XL:     26   Next: 41%
Magic:  39/39      EV: 13    Int: 11    God:    Okawaru [*****.]
Gold:   236        SH: 38    Dex: 12    Spells: 29/29 levels left

rFire   + + +        a - +9 demon trident (spect)
rCold   + + .        r - +10 tower shield of Ignorance {rN+ Int-4}
rNeg    + + .        y - +2 gold dragon scales
rPois   +            Q - +2 hat of Ronie {rF++ Str-2 Slay+4}
rElec   .            o - +4 dragonskin cloak
rCorr   .            F - +3 pair of gauntlets of War {Slay+5}
SInv    .            L - +2 pair of boots
Will    ++...        Z - amulet "Zobeasm" {Reflect rF+ rN+ Dex-2 SH+5} Stlth
                     t - +4 ring of slaying
HPRegen 0.58/turn    P - ring "Leekig" {Will+ Str+6}
MPRegen 0.26/turn

%: reflection
@: heroic, finesse-ful, studying Stealth
A: (nimble swimmer 2), mertail, iridescent scales 1, cold resistance 1, dopey 1
0: Orb of Zot
}: 3/15 runes: barnacled, silver, gossamer
a: Renounce Religion, Heroism, Finesse, Duel


You escaped.
You worshipped Okawaru.
Okawaru was extremely pleased with you.
You visited 8 branches of the dungeon, and saw 44 of its levels.
You visited the Abyss 1 time.
You also visited: Gauntlet.

You collected 6415 gold pieces.
You spent 6179 gold pieces at shops.

Inventory:

Hand Weapons
 a - a +9 spectral demon trident (weapon)
 b - the +8 trishula "Condemnation" {holy, anguish, *Noise Fly rN+}
   (Okawaru gifted it to you on level 3 of the Vaults)

   rN+:       It protects you from negative energy.
   Fly:       It grants you flight.
   *Noise:    It may make a loud noise when swung.
Missiles
 i - 48 boomerangs
 u - 5 throwing nets (quivered)
 w - 32 javelins
 C - 29 silver javelins
 G - 9 curare-tipped darts
Armour
 o - the +4 dragonskin cloak (worn)
   (You took it off Tiamat on level 1 of the Realm of Zot)

   Avatar's Aegis: It grants the wearer a chance to resist fire, cold, poison,
   electricity, acid, and negative energy.
 r - the +10 tower shield of Ignorance (worn) {rN+ Int-4}
   (You took it off a hell knight on level 4 of the Depths)

   Int-4:     It affects your intelligence (-4).
   rN+:       It protects you from negative energy.
 y - +2 gold dragon scales (worn)
 F - the +3 pair of gauntlets of War (worn) {Slay+5}
   (You bought it in a shop on level 4 of the Depths)

   Slay+5:    It affects your accuracy & damage with ranged weapons and melee
   (+5).
 L - a +2 pair of boots (worn)
 M - the +1 cloak of Starlight {*Dazzle EV+4 Stlth--}
   (You found it on level 1 of the Vaults)

   *Dazzle:   It may blind those who miss an attack against the wearer in melee
   combat.
   EV+4:      It affects your evasion (+4).
   Stlth--:   It makes you much less stealthy.
 Q - the +2 hat of Ronie (worn) {rF++ Str-2 Slay+4}
   (You found it on level 3 of the Vaults)

   Str-2:     It affects your strength (-2).
   Slay+4:    It affects your accuracy & damage with ranged weapons and melee
   (+4).
   rF++:      It greatly protects you from fire.
 R - the +15 Maxwell's patent armour {-Cast -Tele rElec Will+ rCorr}
   (Okawaru gifted it to you on level 3 of the Vaults)

   rElec:     It insulates you from electricity.
   Will+:     It increases your willpower.
   -Cast:     It prevents spellcasting.
   -Tele:     It prevents most forms of teleportation.
   rCorr:     It protects you from acid and corrosion.
Jewellery
 e - the ring of Freedom {rF+ rCorr}
   (You found it in a Gauntlet)

   [ring of resist corrosion]

   rF+:       It protects you from fire.
   rCorr:     It protects you from acid and corrosion.
 t - a +4 ring of slaying (left hand)
 N - a ring of see invisible
 P - the ring "Leekig" (right hand) {Will+ Str+6}
   (You found it in a Gauntlet)

   [ring of strength]

   Str+6:     It affects your strength (+6).
   Will+:     It increases your willpower.
 Z - the amulet "Zobeasm" (around neck) {Reflect rF+ rN+ Dex-2 SH+5}
   (You took it off a merfolk on level 4 of the Shoals)

   [amulet of reflection]

   Reflect:   It reflects blocked missile attacks.
   Dex-2:     It affects your dexterity (-2).
   rF+:       It protects you from fire.
   rN+:       It protects you from negative energy.
   SH+5:      It affects your SH (+5).
Wands
 l - a wand of digging (4)
 v - a wand of flame (9)
 H - a wand of acid (9)
 K - a wand of mindburst (11)
 V - a wand of paralysis (2)
 Y - a wand of iceblast (26)
Scrolls
 j - 12 scrolls of teleportation
 k - 3 scrolls of fog
 n - 7 scrolls of blinking
 p - 5 scrolls of enchant weapon
 s - 9 scrolls of vulnerability
 x - a scroll of torment
 A - 6 scrolls of fear
 B - 5 scrolls of silence
 O - 7 scrolls of immolation
 S - 27 scrolls of identify
Potions
 d - a potion of resistance
 g - 4 potions of invisibility
 h - 6 potions of enlightenment
 m - 13 potions of curing
 q - 10 potions of heal wounds
 z - 5 potions of attraction
 D - 6 potions of berserk rage
 E - 6 potions of ambrosia
 I - 9 potions of mutation
 J - 2 potions of cancellation
 W - 2 potions of haste
 X - 4 potions of might
Miscellaneous
 f - a lightning rod (4/4)
 T - a phial of floods
 U - a condenser vane


   Skills:
 - Level 24.0(27) Fighting
 - Level 16.0(21.0) Polearms
 - Level 10.0(15.0) Throwing
 - Level 14.0(19.0) Armour
 - Level 22.0(27) Dodging
 - Level 2.1(7.1) Stealth
 - Level 20.0(25.0) Shields
 - Level 2.0 Spellcasting
 - Level 3.2 Conjurations
 + Level 25.6 Invocations
 - Level 10.0 Evocations


You had 29 spell levels left.
You didn't know any spells.
Your spell library contained the following spells:

 Spells                   Type           Power      Damage    Failure   Level
 Magic Dart               Conj           32%        1d4       91%         1
 Searing Ray              Conj           16%        2d5       97%         2
 Shock                    Conj/Air       16%        1d4       99%         1
 Sting                    Conj/Alch      16%        1d4       99%         1
 Static Discharge         Conj/Air       8%         3-4/arc   99%         2
 Freeze                   Ice            4%         1d3       100%        1
 Sandblast                Erth           2%         2d4       100%        1
 Ensorcelled Hibernation  Hex/Ice        2%         N/A       100%        2
 Mercury Vapours          Alch/Air       2%         N/A       100%        2
 Sublimation of Blood     Necr           1%         N/A       100%        2
 Frozen Ramparts          Ice            2%         1d1       100%        3
 Fugue of the Fallen      Necr           1%         N/A       100%        3
 Gell's Gravitas          Tloc           1%         N/A       100%        3
 Inner Flame              Hex/Fire       1%         N/A       100%        3
 Mephitic Cloud           Conj/Alch/Air  3%         N/A       100%        3
 Passwall                 Erth           1%         N/A       100%        3
 Stone Arrow              Conj/Erth      8%         3d7       100%        3
 Swiftness                Air            1%         N/A       100%        3
 Teleport Other           Tloc           1%         N/A       100%        3
 Volatile Blastmotes      Fire/Tloc      2%         2d10      100%        3
 Airstrike                Air            0%         2d(1-17)  100%        4
 Anguish                  Hex/Necr       0%         N/A       100%        4
 Brom's Barrelling Bould  Conj/Erth      4%         2d3       100%        4
 Cause Fear               Hex            0%         N/A       100%        4
 Dimensional Bullseye     Hex/Tloc       0%         N/A       100%        4
 Flame Wave               Conj/Fire      4%         2d5       100%        4
 Fulminant Prism          Conj/Alch      2%         3d5       100%        4
 Iskenderun's Mystic Bla  Conj/Tloc      4%         2d3       100%        4
 Leda's Liquefaction      Alch/Erth      0%         N/A       100%        4
 Manifold Assault         Tloc           1%         N/A       100%        4
 Olgreb's Toxic Radiance  Alch           1%         N/A       100%        4
 Passage of Golubria      Tloc           1%         N/A       100%        4
 Petrify                  Alch/Erth      1%         N/A       100%        4
 Sticky Flame             Fire/Alch      1%         2d4       100%        4
 Vhi's Electric Charge    Tloc/Air       2%         N/A       100%        4
 Arcjolt                  Conj/Air       2%         1d12      100%        5
 Borgnjor's Vile Clutch   Necr/Erth      0%         N/A       100%        5
 Fireball                 Conj/Fire      2%         3d4       100%        5
 Freezing Cloud           Conj/Ice/Air   1%         6-21      100%        5
 Irradiate                Conj/Alch      2%         3d12      100%        5
 Metabolic Englaciation   Hex/Ice        0%         N/A       100%        5
 Yara's Violent Unravell  Hex/Alch       0%         3d3       100%        5
 Conjure Ball Lightning   Conj/Air       2%         3x3d6     100%        6
 Dispersal                Tloc           0%         N/A       100%        6
 Eringya's Noxious Bog    Alch           0%         4d6       100%        6
 Plasma Beam              Fire/Air       0%         2x1d10    100%        6
 Enfeeble                 Hex            0%         N/A       100%        7
 Ozocubu's Refrigeration  Ice            0%         4d7       100%        7
 Discord                  Hex            0%         N/A       100%        8
 Disjunction              Tloc           0%         N/A       100%        8
 Chain Lightning          Conj/Air       2%         3d2       100%        9
 Fire Storm               Conj/Fire      2%         8d1       100%        9
 Polar Vortex             Ice            0%         N/A       100%        9
 Shatter                  Erth           0%         3d5*      100%        9
 Call Imp                 Summ           Unusable   N/A       N/A         2
 Tukima's Dance           Hex            Unusable   N/A       N/A         3
 Summon Lightning Spire   Summ/Air       Unusable   N/A       N/A         4
 Summon Forest            Summ/Tloc      Unusable   N/A       N/A         5
 Sculpt Simulacrum        Ice/Alch       Unusable   N/A       N/A         6
 Summon Hydra             Summ           Unusable   N/A       N/A         7
 Dragon's Call            Summ           Unusable   N/A       N/A         9

Dungeon Overview and Level Annotations

Branches:
Dungeon (15/15)            Temple (0/1) D:6            Lair (5/5) D:9
 Shoals (4/4) Lair:2       Spider (4/4) Lair:2        Slime (0/5) Lair:4
    Orc (2/2) D:9             Elf (0/3) Orc:2        Vaults (5/5) D:13
  Crypt (0/3) Vaults:2     Depths (4/4) D:15            Zot (5/5) Depths:4
Gauntlet (visited)

Altars:
Gozag
Okawaru
Ru
Sif Muna
Trog
Uskayaw
Vehumet
Wu Jian
The Shining One
Jiyva
Lugonu

Shops:
D:4 :   D:10 =([*   D:13 ?   Orc:2 [*((!   Vaults:1 :![*   Vaults:4 [
Vaults:5 ?   Depths:2 :([(*   Depths:4 [

Portals:
Hell: Depths:1 Depths:2 Depths:3 Depths:4
Abyss: Depths:3 Depths:4
Pandemonium: Depths:2
Ziggurat: Depths:3

Annotations:
D:11 2 transporters, Amplified's ghost, journeyman DrEn
Shoals:1 3 runed translucent doors, exclusion: obsidian statue, Heezod's ghost, journeyman MiBe; Roxanne
Spider:2 2 transporters
Zot:2 4 exclusions
Zot:4 3 transporters, 2 exclusions
Zot:5 4 exclusions


Innate Abilities, Weirdness & Mutations

((You are very nimble when in or above water. (Stealth+, EV+, Speed+++)))
Your lower body shifts to a powerful aquatic tail in water.
You are partially covered in iridescent scales. (AC +2)
Your flesh is cold resistant. (rC+)
You are dopey. (Int -2)


Message History

You reach to attack!
You impale the balrug!!
The balrug is moderately wounded.
Your +9 spectral demon trident hits the balrug!
You reach to attack!
You skewer the balrug like a kebab!!!
You kill the balrug!
Okawaru accepts your kill.
Your +9 spectral demon trident disappears.
You impale the sun demon!!
The sun demon is heavily wounded.
Your +9 spectral demon trident hits the sun demon from afar!!
You perforate the sun demon like a sieve!!!
You kill the sun demon!
Okawaru accepts your kill.
Your +9 spectral demon trident disappears.
You spit the sun demon like a pig!!!
The sun demon is severely wounded.
Your +9 spectral demon trident hits the sun demon from afar.
You hear a screech!
You hit the sun demon.
The sun demon is severely wounded.
Your +9 spectral demon trident hits the sun demon from afar!
You kill the sun demon!
Okawaru accepts your kill.
No target in view!
No target in view!
No target in view!
What level of the Dungeon? (default 1, ? - help)
You swap places.
Your +9 spectral demon trident disappears.
An orange demon comes into view.
There is an escape hatch in the ceiling here.
A mysterious force pulls you upwards. The hatch slams shut behind you.
Magic restored.
HP restored.
Things that are here:
5 stones; a +0 whip; a +0 dagger You open the door.
There is an open door here.
There is a staircase leading out of the dungeon here.
You have escaped!

### #.############
#............#
#.##........>#
###.###.###########
....# #.###.......#
###.###..'........#
#......##.......#
#.###..##>###.@.#
#.# #..##.......#
#.# #..'........#
#.# #..##.......#
#.# #..##########
###.# #..#
..#'###..#
.........#
.........#


There were no monsters in sight!

Vanquished Creatures
  Tiamat (Zot:1)
  7 orbs of fire
  2 ancient liches (Zot:5)
  2 dread liches (Zot:5)
  Xtahua (Vaults:2)
  Sojobo (Vaults:2)
  3 Killer Klowns (Zot:5)
  Saint Roka (Depths:2)
  A curse toe (Zot:2)
  3 golden dragons
  A profane servitor (D:7)
  the Enchantress (Depths:4)
  2 bone dragons (Depths:4)
  2 electric golems (Zot:5)
  Norris (Vaults:1)
  Arachne (Spider:2)
  A Brimstone Fiend (Zot:2)
  A Tzitzimitl (Depths:2)
  A hellephant (Depths:1)
  3 liches
  26 Orb Guardians
  Rupert (D:13)
  13 tentacled monstrosities
  5 titans (Vaults:5)
  Asterion (Spider:3)
  3 quicksilver dragons
  A walking frostbound tome (Depths:3)
  6 sphinxes
  A tentacled starspawn (Abyss:4)
  3 death cobs
  5 krakens
  An Executioner (D:13)
  Frances (D:14)
  13 shadow dragons
  5 tengu reavers
  Kirke (D:13)
  15 storm dragons
  2 draconian monks (Zot:5)
  9 draconian knights
  A daeva (D:9)
  Aizul (Shoals:3)
  4 frost giants
  Donald (Shoals:1)
  6 protean progenitors
  5 draconian scorchers
  6 fire giants
  25 vault wardens
  2 draconian shifters
  A ghoul (Vaults:2)
  A balrug (D:2)
  Louise (Spider:1)
  6 emperor scorpions
  6 ghost moths
  An orc warlord (Orc:2)
  2 broodmothers
  5 draconian annihilators
  21 very ugly things
  3 spriggan defenders (Depths:4)
  A juggernaut skeleton (Depths:3)
  11 stone giants
  8 green draconians
  4 vampire knights (Depths:3)
  3 draconian stormcallers
  6 ironbound thunderhulks
  4 formless jellyfish
  19 ironbound preservers
  2 deep elf demonologists
  3 black draconians
  3 purple draconians
  A deep elf death mage (Vaults:2)
  5 war gargoyles
  7 yellow draconians
  Azrael (D:13)
  2 deep elf annihilators (Vaults:5)
  14 white draconians
  5 dire elephants (Vaults:4)
  A minotaur (Gauntlet)
  3 red draconians
  12 ettins
  21 spark wasps
  Josephine (D:14)
  2 green deaths
  8 jiangshi (Depths:3)
  11 merfolk impalers
  4 entropy weavers
  An entropy weaver (shapeshifter) (D:15)
  7 merfolk javelineers
  4 fire dragons
  10 yaktaur captains
  A deep elf high priest (Vaults:5)
  10 great orbs of eyes
  6 hydras
  A peacekeeper (Vaults:3)
  5 rakshasas
  2 ice dragons (Depths:2)
  2 sphinx zombies (Depths:3)
  8 ironbound frosthearts
  44 vault guards
  2 jorogumos
  An ogre mage (Vaults:5)
  3 merfolk avatars
  7 spriggan air magi
  An alligator snapping turtle (Shoals:3)
  2 satyrs
  4 catoblepae
  6 centaur warriors
  6 two-headed ogres
  A two-headed ogre (shapeshifter) (Vaults:5)
  2 radroaches
  A death knight (Vaults:2)
  8 demonic crawlers
  10 boulder beetles
  5 merfolk aquamancers
  7 vampire magi
  2 shock serpents (shapeshifter)
  2 thrashing horrors (Abyss:2)
  21 death yaks
  5 orc high priests
  An occultist (Depths:4)
  2 tengu warriors
  8 hell hogs
  5 deep troll earth magi
  11 hell knights
  A soul eater (D:7)
  4 sun demons (D:2)
  A wretched star (Abyss:2)
  A skyshark (shapeshifter) (Vaults:5)
  7 spriggan berserkers
  5 pharaoh ants
  3 skysharks
  2 goliath frogs (Zot:5)
  A skeletal warrior (Vaults:2)
  18 sea snakes
  3 death drakes (Zot:1)
  3 iron trolls (Depths:4)
  Lodul (D:14)
  A golden dragon zombie (Vaults:3)
  36 deep trolls
  7 glowing orange brains
  2 orb spiders (shapeshifter) (Vaults:5)
  5 flayed ghosts
  2 sun moths
  8 phantasmal warriors
  9 orb spiders
  An obsidian statue (Zot:5)
  8 lindwurms
  10 arcanists
  26 harpies
  23 ironbound convokers
  13 orc knights
  A deep elf pyromancer (D:12)
  13 steelbarb worms
  9 necromancers
  5 orc sorcerers
  4 cyclopes
  40 ugly things
  15 moths of wrath
  A cyclops (shapeshifter) (Vaults:5)
  14 manticores
  A toenail golem (Zot:2)
  27 wolf spiders
  9 fauns
  A manticore (shapeshifter) (Vaults:5)
  A stone giant skeleton (Vaults:4)
  23 elephants
  3 torpor snails
  A kobold blastminer (Orc:2)
  7 water nymphs
  A water nymph (shapeshifter) (Vaults:5)
  5 black mambas
  17 vault sentinels
  11 merfolk sirens
  2 cane toads (Lair:3)
  2 gargoyles
  A hellion (Depths:4)
  3 large abominations (Abyss:2)
  3 rime drakes
  3 komodo dragons
  An unseen horror (D:13)
  Jeremiah (Lair:1)
  An ancient zyme (Abyss:2)
  A tengu conjurer (D:14)
  A yaktaur skeleton (Vaults:4)
  3 efreet
  A golden dragon simulacrum (Vaults:4)
  A freezing wraith (Vaults:5)
  11 trolls
  23 yaktaurs
  6 human skeletons
  54 merfolk
  3 hornets
  9 wind drakes
  2 glass eyes (Depths:3)
  6 polar bears
  Grinder (D:3)
  5 saltlings (Orc:2)
  2 tyrant leeches (Zot:5)
  An ettin zombie (Vaults:3)
  18 tarantellas
  8 blink frogs
  8 snapping turtles
  3 raiju (Abyss:2)
  A fire giant simulacrum (Depths:3)
  41 slime creatures
  A dream sheep (shapeshifter) (Vaults:3)
  2 dream sheep (Shoals:1)
  5 spriggans
  A centaur simulacrum (D:15)
  29 jumping spiders
  Sigmund (D:3)
  2 shadows (D:12)
  An ettin skeleton (Vaults:4)
  21 culicivoras
  4 wyverns
  4 fire elementals
  18 water elementals
  A vampire (D:12)
  2 humans
  51 yaks
  5 wraiths
  Eustachio (D:4)
  7 hogs
  2 basilisks
  4 vampire mosquitoes
  78 redbacks
  3 wargs (Orc:1)
  Grum (D:9)
  3 chaos spawn
  A neqoxec (Abyss:2)
  4 human simulacra
  A yaktaur simulacrum (Vaults:4)
  2 small abominations (Abyss:2)
  An ogre zombie (Vaults:4)
  A swamp worm (shapeshifter) (D:15)
  An entropy weaver zombie (Vaults:4)
  2 glowing shapeshifter skeletons (Vaults:4)
  10 water moccasins
  3 hell hounds
  A swamp drake (shapeshifter) (Vaults:5)
  22 orc warriors
  A sky beast (D:7)
  A black bear (Lair:2)
  4 laughing skulls (Abyss:2)
  2 ice beasts
  16 ogres
  9 boggarts
  42 wolves
  12 centaurs
  2 phantoms (D:7)
  4 kobold brigands
  Blork the orc (D:5)
  12 bullfrogs
  A scorpion (D:5)
  2 gnoll sergeants (D:7)
  9 wights
  A hornet simulacrum (D:14)
  3 killer bees (D:10)
  A vampire bat (D:10)
  11 electric eels
  A quasit (Abyss:2)
  2 hounds
  3 jellies
  14 orc priests
  2 sleepcaps (D:7)
  An iron imp (Abyss:2)
  Terence (D:3)
  2 iguanas
  Natasha (thrice) (D:3)
  15 orc wizards
  3 adders
  9 gnolls
  A shadow imp (Abyss:3)
  3 white imps
  6 ufetubi
  2 ribbon worms
  53 orcs
  4 ball pythons
  16 bats
  13 endoplasms
  4 giant cockroaches
  7 goblins
  3 hobgoblins
  7 jackals
  2 quokkas (D:1)
  7 frilled lizards
  17 kobolds
  5 rats
  An aspiring flesh (Zot:1)
  A starspawn tentacle (Abyss:2)
  8 tentacles
1914 creatures vanquished.

Vanquished Creatures (others)
  A titan (Depths:2)
  The ghost of Ulukhit the Brawler, an adept TrMo of Nemelex Xobeh (Depths:1)
  A storm dragon (Depths:4)
  A frost giant (Depths:4)
  3 vault wardens
  A very ugly thing (Depths:3)
  2 spark wasps (Depths:2)
  An ettin (Vaults:4)
  A vault guard (Vaults:2)
  An ice dragon (Depths:3)
  A spriggan air mage (Depths:4)
  An occultist (Depths:4)
  A hell knight (Depths:4)
  A deep troll (Vaults:3)
  A flayed ghost (Depths:1)
  A lindwurm (Vaults:2)
  A phantasmal warrior (Depths:3)
  2 slime creatures (D:12)
  A boggart (D:14)
  A lurking horror (Abyss:2)
  27 spectral weapons
  11 starspawn tentacles
  119 tentacles
181 creatures vanquished.

Grand Total: 2095 creatures vanquished

Notes
Turn   | Place    | Note
-------+----------+-------------------------------------------
     0 | D:1      | GordonOverkill the Merfolk Conjurer began the quest for the
                  | Orb.
     0 | D:1      | Reached XP level 1. HP: 13/13 MP: 3/3
   178 | D:1      | Reached skill level 1 in Fighting
   466 | D:1      | Reached XP level 2. HP: 22/22 MP: 0/5
   914 | D:1      | Reached skill level 1 in Polearms
  1265 | D:1      | Reached XP level 3. HP: 27/27 MP: 1/6
  2304 | D:2      | Found a faded altar of an unknown god.
  3154 | D:3      | Learned a level 2 spell: Searing Ray
  3209 | D:3      | Noticed Sigmund
  3406 | D:2      | Reached XP level 4. HP: 17/33 MP: 1/7
  3874 | D:3      | Noticed Natasha
  3879 | D:3      | Killed Natasha
  3880 | D:3      | Reached skill level 5 in Polearms
  4131 | D:3      | Noticed Natasha
  4136 | D:3      | Killed Natasha
  4137 | D:3      | Reached XP level 5. HP: 30/40 MP: 1/8
  4321 | D:3      | Killed Sigmund
  4322 | D:3      | Reached XP level 6. HP: 43/47 MP: 9/9
  4929 | D:3      | Noticed Natasha
  4982 | D:3      | Noticed Terence
  4986 | D:3      | Noticed Grinder
  4991 | D:3      | Paralysed by Grinder for 3 turns
  5320 | D:3      | Killed Natasha
  5639 | D:3      | Killed Terence
  5745 | D:3      | Paralysed by Grinder for 5 turns
  5756 | D:3      | Killed Grinder
  5757 | D:3      | Reached XP level 7. HP: 42/52 MP: 1/10
  6027 | D:4      | Found Niukoezu's Vocational Training.
  6326 | D:4      | Noticed Eustachio
  6371 | D:4      | Killed Eustachio
  6860 | D:5      | Entered Level 5 of the Dungeon
  7072 | D:5      | Found an iron altar of Okawaru.
  7503 | D:5      | Found a glowing golden altar of the Shining One.
  7513 | D:5      | You fall into a shaft and drop 3 floors!
  7528 | D:8      | Reached skill level 10 in Polearms
  7528 | D:8      | Reached XP level 8. HP: 60/60 MP: 11/11
  7569 | D:8      | Noticed a two-headed ogre
  7587 | D:8      | Killed a two-headed ogre
  7588 | D:8      | Reached skill level 5 in Fighting
  7750 | D:8      | HP: 2/62 [electric eel/bolt of electricity (16)]
  7992 | D:7      | Reached XP level 9. HP: 62/68 MP: 12/12
  8101 | D:7      | Found a radiant altar of Vehumet.
  8159 | D:6      | Found a sacrificial altar of Ru.
  8360 | D:5      | Found a shimmering blue altar of Sif Muna.
  8398 | D:5      | Found a hide-covered altar of Uskayaw.
  8880 | D:5      | Noticed Blork the orc
  8890 | D:5      | Killed Blork the orc
  9207 | D:5      | Became a worshipper of Warmaster Okawaru
  9352 | D:6      | Found a staircase to the Ecumenical Temple.
  9609 | D:6      | Reached skill level 1 in Invocations
  9867 | D:7      | Reached skill level 2 in Invocations
  9955 | D:7      | Reached skill level 3 in Invocations
  9963 | D:7      | Reached skill level 4 in Invocations
 10036 | D:7      | Reached * piety under Okawaru
 10037 | D:7      | Reached skill level 5 in Invocations
 10075 | D:7      | Reached skill level 1 in Armour
 10766 | D:7      | Reached XP level 10. HP: 57/74 MP: 13/13
 11296 | D:8      | Reached ** piety under Okawaru
 11494 | D:8      | Reached skill level 5 in Armour
 11515 | D:8      | Reached skill level 5 in Dodging
 12023 | D:8      | Reached *** piety under Okawaru
 12096 | D:8      | Found a bloodstained altar of Trog.
 12211 | D:9      | Noticed a two-headed ogre
 12250 | D:8      | Killed a two-headed ogre
 12408 | D:9      | Reached XP level 11. HP: 71/79 MP: 14/14
 12414 | D:9      | Reached skill level 10 in Dodging
 12630 | D:9      | Reached **** piety under Okawaru
 12687 | D:9      | Noticed a cyclops
 13201 | D:8      | Killed a cyclops
 13302 | D:9      | Found a staircase to the Orcish Mines.
 13371 | D:9      | Found a staircase to the Lair.
 13373 | D:9      | Noticed a death yak
 13373 | D:9      | Noticed a death yak
 13373 | D:9      | Noticed a death yak
 13373 | D:9      | Noticed a death yak
 13373 | D:9      | Noticed a death yak
 13373 | D:9      | Noticed a death yak
 13399 | D:9      | Killed a death yak
 13560 | D:9      | Found an ornate altar of the Wu Jian Council.
 13788 | D:8      | Killed a death yak
 13968 | D:8      | Killed a death yak
 13968 | D:8      | Reached ***** piety under Okawaru
 14171 | D:8      | Killed a death yak
 14208 | D:9      | Noticed a death yak
 14272 | D:8      | Killed a death yak
 14273 | D:8      | Reached skill level 10 in Fighting
 14386 | D:8      | Killed a death yak
 14603 | D:8      | Killed a death yak
 14603 | D:8      | Received a gift from Okawaru
 15069 | D:10     | Entered Level 10 of the Dungeon
 15152 | D:10     | Found Huesuk's Jewellery Shop.
 15181 | D:10     | Noticed Grum
 15537 | D:9      | Killed Grum
 15815 | D:10     | Reached XP level 12. HP: 88/100 MP: 15/15
 15917 | D:10     | Found Zunneem's Antique Armour Boutique.
 16017 | D:10     | Found Feabep's General Store.
 16023 | D:10     | Bought a +4 plate armour of poison resistance for 564 gold
                  | pieces
 16283 | D:10     | Found Waqug's Antique Weapon Boutique.
 16345 | D:11     | Found a transporter.
 16345 | D:11     | Noticed Amplified's ghost (journeyman DrEn)
 16345 | D:11     | Noticed a two-headed ogre
 16345 | D:11     | Noticed a two-headed ogre
 16345 | D:11     | Noticed a two-headed ogre
 16346 | D:11     | Noticed a two-headed ogre
 16358 | D:11     | Noticed a centaur warrior
 16380 | D:11     | Killed a centaur warrior
 16381 | D:11     | Reached skill level 6 in Invocations
 16602 | D:11     | Received a gift from Okawaru
 16723 | D:11     | Reached skill level 7 in Invocations
 16741 | D:11     | Noticed a boulder beetle
 16780 | D:11     | Killed a boulder beetle
 17241 | D:11     | Identified the +1 great mace "Ireudor" {holy, Will+ rCorr
                  | Dex-2}
 17241 | D:11     | Identified the +9 dire flail of Inquiry {flame, rF+ Dex+2}
 17241 | D:11     | Noticed a two-headed ogre
 17245 | D:11     | Found a transporter.
 17528 | D:11     | Reached skill level 8 in Invocations
 17683 | Lair:1   | Entered Level 1 of the Lair of Beasts
 17991 | D:9      | Reached skill level 9 in Invocations
 18338 | Lair:1   | Noticed Jeremiah
 18355 | Lair:1   | Killed Jeremiah
 18467 | Lair:1   | Received a gift from Okawaru
 18543 | Lair:1   | Reached skill level 10 in Invocations
 19445 | Lair:2   | Found a shimmering blue altar of Sif Muna.
 19484 | Lair:2   | Found a hole to the Spider Nest.
 20126 | Lair:2   | Found a staircase to the Shoals.
 20497 | Lair:2   | Reached XP level 13. HP: 90/108 MP: 20/20
 20593 | Lair:3   | Received a gift from Okawaru
 20920 | Lair:3   | Found a gate leading to a gauntlet.
 20929 | Gauntlet | Entered a Gauntlet
 20929 | Gauntlet | Found a transporter.
 20929 | Gauntlet | Found a transporter.
 21037 | Gauntlet | Found a transporter.
 21041 | Gauntlet | Found a transporter.
 21051 | Gauntlet | Found a transporter.
 21055 | Gauntlet | Found a transporter.
 21062 | Gauntlet | Noticed a green death
 21065 | Gauntlet | Found a transporter.
 21086 | Gauntlet | Found a transporter.
 21106 | Gauntlet | Found a transporter.
 21109 | Gauntlet | Found a transporter.
 21111 | Gauntlet | Noticed a green death
 21120 | Gauntlet | Found a transporter.
 21123 | Gauntlet | Found a transporter.
 21273 | Gauntlet | Identified the ring of Freedom {rF+ rCorr}
 21446 | Gauntlet | Killed a green death
 21453 | Gauntlet | Identified the ring "Leekig" {Will+ Str+6}
 21626 | Gauntlet | Received a gift from Okawaru
 21862 | Gauntlet | Noticed a minotaur
 21884 | Gauntlet | Killed a minotaur
 22796 | Lair:3   | Identified the +1 robe "Weduja Qifish" {Will+}
 23016 | Lair:3   | Reached skill level 10 in Armour
 24480 | Lair:4   | Found a staircase to the Slime Pits.
 24480 | Lair:4   | Found a viscous altar of Jiyva.
 24487 | Lair:4   | Identified the +2 helmet of Disappointment {rPois rF+
                  | Str+4}
 24916 | Lair:4   | Received a gift from Okawaru
 25136 | Lair:4   | Reached XP level 14. HP: 60/118 MP: 21/21
 25760 | Lair:5   | Entered Level 5 of the Lair of Beasts
 26358 | Lair:5   | HP: 2/121 [eight-headed hydra (11)]
 26806 | Lair:5   | Received a gift from Okawaru
 27029 | Lair:5   | Reached skill level 15 in Fighting
 27331 | Lair:5   | Reached skill level 15 in Polearms
 27870 | Lair:5   | Received a gift from Okawaru
 29147 | D:12     | Reached skill level 11 in Invocations
 29535 | D:12     | Received a gift from Okawaru
 30268 | D:12     | Reached XP level 15. HP: 118/129 MP: 23/23
 30338 | D:12     | Noticed a tengu reaver
 30354 | D:12     | Reached skill level 12 in Invocations
 30373 | D:12     | Killed a tengu reaver
 30694 | D:12     | Noticed a sphinx
 30700 | D:12     | Paralysed by a sphinx for 2 turns
 30710 | D:12     | Killed a sphinx
 30884 | D:13     | Noticed Azrael
 30909 | D:12     | Reached skill level 13 in Invocations
 30984 | D:12     | Reached skill level 1 in Shields
 31830 | D:13     | Noticed Rupert
 31841 | D:13     | Killed Rupert
 31863 | D:13     | Received a gift from Okawaru
 31975 | D:13     | Killed Azrael
 32299 | D:13     | Found Gatex's Magic Scroll Emporium.
 32385 | D:13     | Identified the +0 robe "Walibiod" {rC- Int+3}
 32402 | D:13     | Bought a scroll of acquirement for 728 gold pieces
 32402 | D:13     | Bought 2 scrolls of identify for 56 gold pieces
 32402 | D:13     | Acquired a manual of Armour
 32456 | D:13     | Reached skill level 5 in Shields
 32906 | D:13     | Found a gate to the Vaults.
 33047 | D:14     | Noticed Kirke
 33346 | D:13     | Killed Kirke
 33347 | D:13     | Reached skill level 1 in Throwing
 33475 | D:14     | Noticed Lodul
 33491 | D:14     | Killed Lodul
 33573 | D:14     | Noticed Josephine
 33590 | D:14     | Killed Josephine
 33680 | D:14     | Found an ornate altar of the Wu Jian Council.
 34124 | D:12     | Received a gift from Okawaru
 34125 | D:12     | Reached skill level 5 in Throwing
 34774 | D:14     | Noticed Frances
 34798 | D:14     | HP: 2/129 [ice devil[Frances] (10)]
 35114 | D:14     | Killed Frances
 35551 | D:15     | Entered Level 15 of the Dungeon
 36372 | D:15     | Reached XP level 16. HP: 128/136 MP: 25/25
 37046 | D:14     | Received a gift from Okawaru
 37330 | D:15     | Found a staircase to the Depths.
 37564 | Orc:1    | Entered Level 1 of the Orcish Mines
 37725 | Orc:2    | Entered Level 2 of the Orcish Mines
 38345 | Orc:2    | Found a staircase to the Elven Halls.
 38388 | Orc:2    | Found Mianar's Distillery.
 39211 | Orc:2    | Found Zetuf's Assorted Antiques.
 39479 | Orc:2    | Found Atokiets's Antique Armour Shoppe.
 39576 | Orc:2    | Received a gift from Okawaru
 39661 | Orc:2    | Found Yskoxoj's Weapon Shoppe.
 39845 | Orc:2    | Found Velagh's Weapon Boutique.
 39901 | Orc:2    | Bought a jewelled plate armour for 644 gold pieces
 39901 | Orc:2    | Identified the +0 plate armour of Privacy {Dex+4 Stlth-}
                  | (You bought it in a shop on level 2 of the Orcish Mines)
 39902 | Orc:2    | Bought a runed plate armour for 598 gold pieces
 40066 | Spider:1 | Entered Level 1 of the Spider Nest
 43275 | Spider:1 | Noticed Louise
 43283 | Abyss:2  | Cast into level 2 of the Abyss (Louise)
 43652 | Abyss:2  | Reached XP level 17. HP: 92/148 MP: 26/26
 43756 | Abyss:2  | Noticed a tentacled starspawn
 43855 | Abyss:3  | Noticed a lich
 43865 | Abyss:4  | Found a corrupted altar of Lugonu.
 43875 | Abyss:4  | Noticed a lich
 43878 | Abyss:4  | Found a corrupted altar of Lugonu.
 43903 | Abyss:4  | Killed a lich
 43926 | Abyss:4  | Noticed a tentacled starspawn
 43982 | Abyss:4  | Killed a tentacled starspawn
 43985 | Spider:1 | Escaped the Abyss
 43990 | Spider:1 | Killed Louise
 44770 | Shoals:1 | Entered Level 1 of the Shoals
 44773 | Shoals:1 | Noticed Donald
 44860 | Shoals:1 | Killed Donald
 45302 | Shoals:1 | Reached skill level 14 in Invocations
 45346 | Shoals:1 | Found a runed translucent gate.
 45346 | Shoals:1 | Found a runed translucent gate.
 45346 | Shoals:1 | Found an opulent altar of Gozag.
 45346 | Shoals:1 | Found a runed translucent gate.
 45874 | Shoals:1 | Noticed Roxanne
 46227 | Shoals:1 | Noticed Heezod's ghost (journeyman MiBe)
 46690 | Shoals:2 | Reached skill level 15 in Invocations
 48806 | Shoals:3 | Identified the +10 short sword "Kilunluike" {flame, rElec
                  | rN+ Dex+3}
 49345 | Shoals:3 | Noticed a kraken
 49691 | Shoals:3 | Received a gift from Okawaru
 50161 | Shoals:3 | Identified the serpent talisman "Lilaf" {Str+3}
 50161 | Shoals:3 | Noticed Aizul
 50181 | Shoals:3 | Killed Aizul
 50357 | Shoals:3 | Killed a kraken
 50437 | Shoals:3 | Noticed a kraken
 50532 | Shoals:3 | Reached skill level 10 in Shields
 51099 | Shoals:3 | Reached XP level 18. HP: 63/157 MP: 29/29
 51383 | Shoals:3 | Reached skill level 5 in Evocations
 52769 | Shoals:3 | HP: 4/157 [tentacle[a kraken] (8)]
 54144 | Shoals:4 | Entered Level 4 of the Shoals
 57032 | Shoals:4 | Got a barnacled rune of Zot
 57072 | Shoals:4 | Found a shimmering blue altar of Sif Muna.
 58571 | Shoals:4 | Identified the amulet "Zobeasm" {Reflect rF+ rN+ Dex-2
                  | SH+5}
 59530 | Spider:2 | Reached skill level 15 in Dodging
 61612 | Spider:2 | Received a gift from Okawaru
 61872 | Spider:2 | Found a transporter.
 61874 | Spider:2 | Found a transporter.
 62324 | Spider:2 | Reached XP level 19. HP: 154/163 MP: 30/30
 62344 | Spider:3 | Noticed Arachne
 62612 | Spider:4 | Entered Level 4 of the Spider Nest
 62612 | Spider:4 | Noticed Asterion
 62644 | Spider:2 | Killed Arachne
 64532 | Spider:3 | Killed Asterion
 65006 | Spider:3 | Received a gift from Okawaru
 66814 | Spider:4 | Received a gift from Okawaru
 66948 | Spider:4 | Reached skill level 15 in Shields
 67607 | Spider:4 | Got a gossamer rune of Zot
 68002 | Vaults:1 | Entered Level 1 of the Vaults
 68700 | Vaults:1 | Found Doobeuty's Distillery.
 68704 | Vaults:1 | Found Weacs's Book Emporium.
 69049 | Vaults:1 | Found Juwaur's Armour Shoppe.
 69098 | Vaults:1 | Paralysed by a formless jellyfish for 1 turns
 69396 | Vaults:1 | Found the +1 cloak of Starlight {*Dazzle EV+4 Stlth--}
 69449 | Vaults:1 | Found Ateihur's Assorted Antiques.
 69650 | Vaults:1 | Noticed Norris
 69668 | Vaults:1 | Killed Norris
 69782 | Vaults:1 | Received a gift from Okawaru
 69794 | Arena    | Entered the Arena
 70165 | Vaults:1 | Reached XP level 20. HP: 139/170 MP: 31/31
 71199 | Vaults:2 | Reached skill level 10 in Throwing
 71696 | Vaults:2 | You fall into a shaft and drop 2 floors!
 72017 | Vaults:4 | Paralysed by a sphinx for 2 turns
 72140 | Vaults:4 | Received a gift from Okawaru
 72782 | Vaults:4 | Found Beban's Armour Shop.
 73479 | Vaults:4 | Reached ****** piety under Okawaru
 73483 | Vaults:3 | Acquired the +8 trishula "Condemnation" {holy, anguish,
                  | *Noise Fly rN+}
 73483 | Vaults:3 | Received a gift from Okawaru
 73483 | Vaults:3 | Found the +8 trishula "Condemnation" {holy, anguish, *Noise
                  | Fly rN+}
 73703 | Vaults:3 | Received a gift from Okawaru
 73720 | Vaults:3 | Acquired the +15 Maxwell's patent armour {-Cast -Tele rElec
                  | Will+ rCorr}
 73720 | Vaults:3 | Received a gift from Okawaru
 73720 | Vaults:3 | Found the +15 Maxwell's patent armour {-Cast -Tele rElec
                  | Will+ rCorr}
 74945 | Vaults:3 | Reached XP level 21. HP: 183/183 MP: 32/32
 75029 | Vaults:3 | Received a gift from Okawaru
 75090 | Vaults:3 | Identified the +0 hand axe "Loack" {heavy, rElec Int+3}
 75725 | Vaults:3 | Identified the +2 hat of Ronie {rF++ Str-2 Slay+4}
 75943 | Vaults:3 | Identified the staff of the Pyrrhic Victory {^Fragile rF+
                  | rN+ Str-4 Dex+5 Fire}
 76269 | Vaults:2 | Received a gift from Okawaru
 76547 | Vaults:2 | Found a staircase to the Crypt.
 76559 | Vaults:2 | Noticed Xtahua
 76585 | Vaults:2 | Killed Xtahua
 76606 | Vaults:2 | Noticed Sojobo
 76636 | Vaults:2 | Killed Sojobo
 77278 | Vaults:2 | Received a gift from Okawaru
 78264 | Depths:1 | Entered Level 1 of the Depths
 78370 | Depths:1 | Found an opulent altar of Gozag.
 78500 | Depths:1 | Got the Textbook on Stony Refrigeration
 78605 | Depths:1 | Noticed Ulukhit's ghost (adept TrMo)
 78733 | Depths:1 | Found a runed translucent door.
 78814 | Depths:1 | Received a gift from Okawaru
 78863 | Depths:1 | Reached XP level 22. HP: 190/190 MP: 33/33
 78932 | Depths:1 | Found a bloodstained altar of Trog.
 78993 | Depths:1 | Found a gateway to Hell.
 79114 | Depths:1 | Identified the +0 ring mail of Somewhere Else {Harm rC++}
 79191 | Depths:1 | Killed Ulukhit's ghost
 79456 | Depths:2 | Reached skill level 10 in Evocations
 79489 | Depths:2 | Noticed Saint Roka
 79509 | Depths:2 | Killed Saint Roka
 79572 | Depths:2 | Received a gift from Okawaru
 79789 | Depths:2 | Found Ceiduzou's Antique Armour Emporium.
 79794 | Depths:2 | Found Tubeydiq's General Store.
 79794 | Depths:2 | Found Vabet's Weapon Emporium.
 79799 | Depths:2 | Found Gotadwoa's Antique Weapon Shoppe.
 80090 | D:4      | Bought a manual of Invocations for 1040 gold pieces
 81195 | Depths:2 | Found Wiom's Book Boutique.
 81498 | Depths:2 | Identified the +6 scale mail of Hide-and-Seek {rC++}
 81508 | Depths:2 | Found a one-way gate leading to the halls of Pandemonium.
 81578 | Depths:3 | Reached skill level 16 in Invocations
 81934 | Depths:3 | Reached skill level 17 in Invocations
 82169 | Depths:3 | Reached skill level 18 in Invocations
 82198 | Depths:3 | Received a gift from Okawaru
 82493 | Depths:3 | Reached skill level 19 in Invocations
 82963 | Depths:3 | Found a corrupted altar of Lugonu.
 82965 | Depths:3 | Found a one-way gate to the infinite horrors of the Abyss.
 82966 | Depths:3 | Found a one-way gateway to a ziggurat.
 83184 | Depths:3 | Identified the +2 falchion "Vocod" {holy, rC+}
 83348 | Depths:3 | Reached skill level 20 in Invocations
 83348 | Depths:3 | Reached XP level 23. HP: 187/196 MP: 35/37
 83438 | Depths:3 | Identified the +8 rapier "Jonezak" {pain, ^Drain MP+9 Int+7
                  | Dex+3}
 83519 | Depths:3 | Got the Folio of the Viridian Mortuary
 83570 | Depths:4 | Entered Level 4 of the Depths
 83720 | Depths:4 | Received a gift from Okawaru
 84365 | Depths:4 | Found Huol's Armour Shop.
 84383 | Depths:4 | Bought the +3 pair of gauntlets of War {Slay+5} for 712
                  | gold pieces
 84383 | Depths:4 | Found the +3 pair of gauntlets of War {Slay+5}
 84403 | Depths:4 | Noticed the Enchantress
 84416 | Depths:4 | Reached skill level 21 in Invocations
 84471 | Depths:4 | Killed the Enchantress
 85866 | Depths:4 | Reached skill level 22 in Invocations
 85872 | Depths:4 | Received a gift from Okawaru
 85931 | Depths:4 | Found a gate to the Realm of Zot.
 86985 | Vaults:5 | Entered Level 5 of the Vaults
 87435 | Vaults:4 | Received a gift from Okawaru
 87750 | Vaults:5 | Reached skill level 23 in Invocations
 87987 | Vaults:5 | Identified the +6 shortbow "Tunosus" {flame, rPois Int+3}
 88090 | Vaults:5 | Identified the ring "Heigh" {Wiz Stlth+}
 88094 | Vaults:5 | Received a gift from Okawaru
 88127 | Vaults:5 | Reached XP level 24. HP: 193/207 MP: 38/38
 88566 | Vaults:5 | Identified the +6 trident "Weffebb Gith" {protect, rElec
                  | Int+4}
 88661 | Vaults:5 | Identified the +4 quarterstaff "Goemes" {drain, Dex+4}
 88739 | Vaults:5 | Got a silver rune of Zot
 88962 | Vaults:5 | Identified the +1 tower shield "Weikk" {rPois}
 89116 | Vaults:5 | Found Naomoy's Distillery.
 89116 | Vaults:5 | Identified the staff of Deflation {rC+ Int+4 Ice}
 89529 | Vaults:5 | Identified the +0 pair of boots of the Fiend {Rampage rF+
                  | Stlth+}
 89576 | Vaults:5 | Identified the +5 spear "Xoroasiunto" {antimagic, *Corrode
                  | rElec Str+6 Stlth+}
 89700 | Vaults:5 | Found Qayc's Magic Scroll Shop.
 90418 | Zot:1    | Entered Level 1 of the Realm of Zot
 90780 | Zot:1    | Received a gift from Okawaru
 91234 | Zot:1    | Found the +4 dragonskin cloak
 91234 | Zot:1    | Noticed Tiamat
 91291 | Zot:1    | Killed Tiamat
 92309 | Zot:2    | Received a gift from Okawaru
 93156 | Zot:2    | Received a gift from Okawaru
 93663 | Zot:2    | Noticed a curse toe
 93669 | Zot:2    | Killed a curse toe
 93670 | Zot:2    | Reached XP level 25. HP: 155/217 MP: 38/38
 94203 | Zot:3    | Noticed an orb of fire
 94219 | Zot:3    | Gained mutation: You are weak. (Str -2) [an orb of fire]
 94222 | Zot:3    | Killed an orb of fire
 94326 | Zot:5    | Entered Level 5 of the Realm of Zot
 95247 | Zot:4    | Found a transporter.
 95644 | Orc:2    | Bought a potion of heal wounds for 60 gold pieces
 95644 | Orc:2    | Bought a potion of heal wounds for 60 gold pieces
 95644 | Orc:2    | Bought 2 potions of heal wounds for 120 gold pieces
 95644 | Orc:2    | Bought a potion of invisibility for 96 gold pieces
 95772 | D:13     | Bought a scroll of blinking for 105 gold pieces
 95908 | Depths:2 | Bought a potion of heal wounds for 95 gold pieces
 96148 | Vaults:5 | Bought a potion of curing for 45 gold pieces
 96148 | Vaults:5 | Bought 2 potions of invisibility for 240 gold pieces
 96148 | Vaults:5 | Bought a potion of curing for 45 gold pieces
 96148 | Vaults:5 | Bought a potion of curing for 45 gold pieces
 96148 | Vaults:5 | Bought a potion of might for 60 gold pieces
 96148 | Vaults:5 | Bought a potion of ambrosia for 120 gold pieces
 96250 | Vaults:1 | Bought a potion of might for 84 gold pieces
 96250 | Vaults:1 | Bought a potion of might for 84 gold pieces
 96250 | Vaults:1 | Bought a potion of haste for 210 gold pieces
 96250 | Vaults:1 | Bought a potion of mutation for 168 gold pieces
 96329 | Vaults:1 | Bought a potion of mutation for 200 gold pieces
 96767 | Zot:5    | Noticed an orb of fire
 96777 | Zot:5    | Killed an orb of fire
 96784 | Zot:5    | Noticed an orb of fire
 96795 | Zot:5    | Gained mutation: Your movements are slightly less
                  | encumbered by armour. (ER -2) [an orb of fire]
 96798 | Zot:5    | Killed an orb of fire
 96819 | Zot:5    | Noticed an orb of fire
 96824 | Zot:5    | Killed an orb of fire
 96849 | Zot:5    | Noticed an orb of fire
 96878 | Zot:5    | Killed an orb of fire
 96878 | Zot:5    | Received a gift from Okawaru
 96879 | Zot:5    | Reached skill level 24 in Invocations
 97227 | Zot:5    | Noticed an orb of fire
 97230 | Zot:5    | Gained mutation: You occasionally lose the ability to read
                  | scrolls when taking damage. [an orb of fire]
 97240 | Zot:5    | Gained mutation: You sometimes lose your temper in combat.
                  | [an orb of fire]
 97245 | Zot:5    | Killed an orb of fire
 97268 | Zot:5    | Lost mutation: You sometimes lose your temper in combat.
                  | [potion of mutation]
 97268 | Zot:5    | Lost mutation: Your movements are slightly less encumbered
                  | by armour. (ER -2) [potion of mutation]
 97268 | Zot:5    | Lost mutation: You are weak. (Str -2) [potion of mutation]
 97268 | Zot:5    | Gained mutation: Your flesh is cold resistant. (rC+)
                  | [potion of mutation]
 97268 | Zot:5    | Gained mutation: Your skin changes colour to match your
                  | surroundings (Stealth+). [potion of mutation]
 97269 | Zot:5    | Lost mutation: Your skin changes colour to match your
                  | surroundings (Stealth+). [potion of mutation]
 97269 | Zot:5    | Lost mutation: You occasionally lose the ability to read
                  | scrolls when taking damage. [potion of mutation]
 97269 | Zot:5    | Gained mutation: You are dopey. (Int -2) [potion of
                  | mutation]
 97269 | Zot:5    | Gained mutation: You are partially covered in iridescent
                  | scales. (AC +2) [potion of mutation]
 97933 | Zot:4    | Noticed an orb of fire
 97942 | Zot:4    | Killed an orb of fire
 98308 | Zot:4    | Found a transporter.
 98534 | Zot:4    | Found a transporter.
 99304 | Zot:5    | Noticed a dread lich
 99306 | Zot:5    | Paralysed by a dread lich for 5 turns
 99318 | Zot:5    | Killed a dread lich
 99483 | Zot:5    | Noticed an ancient lich
 99815 | Zot:5    | Killed an ancient lich
 99860 | Zot:5    | Received a gift from Okawaru
 99863 | Zot:5    | Noticed a Killer Klown
 99885 | Zot:5    | Killed a Killer Klown
100383 | Zot:5    | Noticed a dread lich
100395 | Zot:5    | Killed a dread lich
100396 | Zot:5    | Reached skill level 25 in Invocations
100428 | Zot:5    | Reached XP level 26. HP: 155/228 MP: 38/39
100793 | Zot:5    | Noticed a Killer Klown
100813 | Zot:5    | Killed a Killer Klown
100814 | Zot:5    | Received a gift from Okawaru
100822 | Zot:5    | Noticed an ancient lich
100846 | Zot:5    | Killed an ancient lich
100858 | Zot:5    | Noticed a Killer Klown
100878 | Zot:5    | Killed a Killer Klown
101103 | Zot:5    | Identified the +0 scale mail of Parts Unknown {rElec}
101684 | Zot:5    | Got the Orb of Zot
101874 | Depths:4 | Noticed Dinel the pandemonium lord
102312 | D:$      | Escaped with the Orb!

Illustrated notes

Levels and vault maps discovered:
D:1:      heliophobic_arrival_battle_scene, layout_basic, solitary_fountain,
          hex_large, serial_bayou_pond_d, serial_bayou_ford_a
D:2:      layout_basic, shapermc_ecumenical_altar_starsandcircs
D:3:      minmay_skewed_foursquare, layout_rooms, palyth_stone_intersect,
          uniq_sigmund, uniq_grinder, uniq_terence, uniq_natasha
D:4:      layout_loops_ring, nicolae_shop_vocational, uniq_eustachio
D:5:      layout_loops_ring, mainiacjoe_overflow_large_starburst,
          mainiacjoe_overflow_catwalk_spiral, uniq_blork_the_orc
D:6:      layout_rooms, nicolae_ru_great_annihilating_truth,
          minmay_temple_entry_statues_fountains, chequers_hall_statues_corner_a,
          minmay_misc_feat_roman, nrook_mini_vaults
D:7:      nicolae_cairo_tiling, layout_cave_pods, kennysheep_mini_moat,
          serial_column_ruins, column_ruins_open_small,
          column_ruins_columns_plus, column_ruins_grid_1,
          column_ruins_open_medium, column_ruins_corridor_dead_end, hex_tiny
D:8:      layout_cave_pools, mainiacjoe_overflow_24_doors, serial_bayou,
          serial_bayou_lagoon_b, serial_bayou_shore_b, serial_bayou_pond_a,
          serial_bayou_lake_a, serial_bayou_pond_b, minmay_misc_feat_pillars
D:9:      layout_big_octagon, nicolae_overflow_hidden_temple,
          dpeg_lair_monsters, erik_orc_3
D:10:     layout_loops_ring, serial_shops, nicolae_shop_peninsula, shop,
          nicolae_shop_behind_doors, nicolae_shop_back_alley_shop,
          hangedman_decor_riveting, roderic_batcave, uniq_grum
D:11:     layout_basic, gammafunk_ghost_smash
D:12:     thingy_vault, layout_basic
D:13:     layout_roguey [special_room_orc], hellmonk_vaults_keyhole,
          serial_curves, eino_curves_02, eino_curves_02, serial_shops,
          nicolae_shop_statue_plus, uniq_azrael, uniq_rupert
D:14:     layout_long_grid, nicolae_wu_jian_wuxing_cycle,
          hangedman_decor_lopped, uniq_lodul, uniq_josephine, uniq_frances,
          uniq_kirke
D:15:     gammafunk_enter_depths_forms, layout_loops_ring, solitary_fountain
Lair:1:   layout_layer_cave, cheibrodos_lair_lostbears, uniq_jeremiah
Lair:2:   layout_chaotic_city, elwin_shoals_entry_stream,
          spider_nest_entry_webs, basic_altar, wad_woods_river_01
Lair:3:   layout_regular_city, gauntlet_entry_generic, grunt_megastairs_1
Lair:4:   layout_small_grid, nicolae_slime_entry_slimehenge
Lair:5:   evilmike_catoblepas_cave, layout_misc_corridors,
          nicolae_quartered_pool_super
Shoals:1: layout_shoals, ebering_ghost_gozag, uniq_roxanne, uniq_donald
Shoals:2: layout_shoals
Shoals:3: nicolae_shoals_lighthouse, layout_shoals, uniq_aizul
Shoals:4: shoals_end_simple, layout_shoals, lemuel_centaur_altar
Spider:1: layout_spider_delve, hangedman_spider_tarantella_strand, uniq_louise
Spider:2: gammafunk_boulding_lane, hangedman_stitches_earthworm
Spider:3: layout_spider_delve, uniq_arachne
Spider:4: grunt_spider_rune_circles, nicolae_spider_webbed_stairs, uniq_asterion
Orc:1:    layout_caves
Orc:2:    hellmonk_orc_salted, layout_caves, serial_shops,
          nicolae_shop_industrial_runoff
Vaults:1: nicolae_vaults_layer_cake_slice, nicolae_vaults_stepped_doors,
          v_rooms_2, nicolae_vaults_little_squares_3, hangedman_vaults_cutoff,
          nicolae_vaults_closet_pinwheel_6, v_misc_22,
          nicolae_vaults_border_crossing, vaults_dpeg_ring,
          hangedman_vaults_corner, ontoclasm_vaults_shuriken,
          grunt_vaults_diagonal, nicolae_vaults_double_plus_2,
          nicolae_vaults_tetromino_Z_1, layout_vaults_omnibox, serial_shops,
          shop, nicolae_shop_overgrown_old_shop, nicolae_shop_tiny_glass,
          nicolae_shop_tiny_glass, uniq_norris
Vaults:2: minmay_crypt_entry_simple_corners, v_rooms_6, hangedman_vaults_trim,
          nicolae_vaults_apartment_1, ontoclasm_vaults_ring_small,
          nicolae_vaults_turnstiles, nicolae_vaults_ring_of_whatevers, v_misc_3,
          v_pattern_5, nicolae_vaults_storage_closets_3,
          nicolae_vaults_apartment_1, nicolae_vaults_house_3,
          nicolae_vaults_murderbox, layout_vaults_big_room, uniq_xtahua,
          uniq_sojobo
Vaults:3: ontoclasm_vaults_chip, v_misc_4, v_misc_11, v_misc_8,
          nicolae_vaults_trapezoid_lopsided_1, v_misc_26,
          nicolae_vaults_enemy_cabinets, layout_vaults_omnigrid
Vaults:4: v_misc_5, nicolae_vaults_spaceships, v_misc_9, v_alt_pattern_1,
          nicolae_vaults_six-pack, nicolae_vaults_ring_of_whatevers,
          hangedman_vaults_pinch, v_misc_18, st_cells,
          vaults_room_stairs_pillars, nicolae_vaults_tetromino_L_2,
          layout_vaults_omnicross, serial_shops, nicolae_shop_mannequins
Vaults:5
Depths:1: layout_honeycomb, hellmonk_ghost_happy_afterlife, bloody_trog,
          grunt_hell_horde, st_stairs_12, hangedman_abyss_or_decor_clamps,
          minivault_16, chequers_serial_rivers_micro_e,
          nicolae_gozag_seed_capital
Depths:2: minmay_shoctagon, layout_gridlike, serial_shops, shop, hell_entry,
          chequers_serial_rivers_micro_b, grunt_pan_entry_zigzag,
          lemuel_another_geyser, minmay_shoptagon, uniq_saint_roka
Depths:3: regret_index_all_hallows'_manor, layout_gridlike, enter_ziggurat_b,
          abyss_entry_flame_altar, grunt_decor_fettered, pf_coc_iceberg,
          minmay_staircase_statues_hall_small, serial_bayou_shore_b
Depths:4: grunt_zot_entry_hairpin, layout_gridlike, serial_shops, shop,
          grunt_hell_entry_dis_old, nicolae_abyss_entry_one_way_or_another,
          hangedman_decor_growths, uniq_enchantress
Zot:1:    layout_onion_interference, regret_index_zotdec_zees, uniq_tiamat
Zot:2:    layout_gridlike, regret_index_zotdec_abyssal_contain_seething_sorcery,
          grunt_megastairs_4
Zot:3:    layout_misc_corridors, lemuel_elevator, uniq_vv
Zot:4:    gammafunk_dig_for_victory, layout_concentric_octagons,
          nicolae_diode_basic, uniq_grunn
Zot:5:    layout_cathedral_of_symmetry, guppyfry_library_mini

Skill      XL: |  1  2  3  4  5  6  7  8  9 10 11 12 13 14 15 16 17 18 19 20 21 22 23 24 25 26 |
---------------+-------------------------------------------------------------------------------+-----
Fighting       | 1 2 3 5 11 12 13 15 17 18 20 21 22 23 24 | 24.0
Polearms       | 2 3 5 6 8 10 12 14 16 | 16.0
Evocations     | 2 3 4 6 8 10 | 10.0
Invocations    | 5 10 11 13 15 20 23 25 | 25.6
Armour         | 3 5 6 10 12 14 | 14.0
Dodging        | 9 10 15 17 22 | 22.0
Shields        | 6 10 11 15 19 20 | 20.0
Throwing       | 5 9 10 | 10.0
Stealth        | |  2.1
Spellcasting   | |  2.0
Conjurations   | |  3.2

Action                     |  1- 3 |  4- 6 |  7- 9 | 10-12 | 13-15 | 16-18 | 19-21 | 22-24 | 25-27 || total
---------------------------+-------+-------+-------+-------+-------+-------+-------+-------+-------++-------
  Melee: Dagger            |    17 |       |       |       |       |       |       |       |       ||    17
         Trident           |       |     8 |   267 |  1138 |  2471 |  3406 |  1682 |       |       ||  8972
         Punch             |       |       |     5 |    13 |    47 |       |       |       |       ||    65
         Tailslap          |       |       |       |    27 |       |    75 |     3 |       |       ||   105
         Unarmed           |       |       |       |       |     5 |       |     5 |       |       ||    10
         Trishula          |       |       |       |       |       |       |   941 |  1119 |    16 ||  2076
         Demon trident     |       |       |       |       |       |       |       |   532 |   460 ||   992
  Throw: Dart              |     4 |       |    27 |     1 |    10 |    21 |       |       |       ||    63
         Boomerang         |       |       |       |    52 |    12 |    75 |    66 |       |    53 ||   258
         Javelin           |       |       |       |       |     8 |    18 |     8 |    30 |     2 ||    66
         Throwing net      |       |       |       |       |       |     5 |     5 |       |     3 ||    13
   Cast: Magic Dart        |    90 |    30 |    23 |       |       |       |       |       |       ||   143
         Searing Ray       |     1 |    12 |     5 |       |       |       |       |       |       ||    18
 Invoke: Heroism           |       |       |       |       |    16 |    28 |    11 |    10 |     9 ||    74
         Finesse           |       |       |       |       |     3 |     5 |     3 |     7 |     6 ||    24
         Duel              |       |       |       |       |       |       |     1 |       |       ||     1
         Receive Weapon    |       |       |       |       |       |       |     1 |       |       ||     1
         Receive Armour    |       |       |       |       |       |       |     1 |       |       ||     1
  Evoke: Wand              |       |     6 |     7 |    22 |     1 |    20 |       |     4 |     2 ||    62
         Condenser vane    |       |       |       |       |     2 |     2 |     1 |     1 |       ||     6
    Use: Potion            |     1 |     2 |     4 |       |     9 |     8 |     6 |     5 |     7 ||    42
         Scroll            |       |     1 |     1 |    23 |    11 |     9 |     2 |    11 |     6 ||    64
   Stab: Invisible         |       |       |     5 |       |       |     4 |    17 |    17 |     2 ||    45
         Paralysed         |       |       |     1 |    18 |       |    11 |       |       |       ||    30
         Distracted        |       |       |       |       |       |     2 |     1 |    12 |     7 ||    22
         Held in net/web   |       |       |       |       |       |     4 |     1 |       |     3 ||     8
         Confused          |       |       |       |       |       |     2 |       |       |       ||     2
 Armour: Robe              |    22 |    15 |    14 |       |       |       |       |       |       ||    51
         Skin              |       |     2 |       |       |     7 |       |     7 |       |       ||    16
         Plate armour      |       |       |   148 |   751 |  1846 |  1920 |  1007 |   442 |    14 ||  6128
         Gold dragon scale |       |       |       |       |       |       |       |    61 |   137 ||   198
  Dodge: Dodged            |    21 |     8 |    68 |   342 |   875 |   832 |   631 |   275 |    39 ||  3091
         Repelled          |       |       |       |       |       |       |     3 |       |       ||     3
  Block: Other             |       |       |       |       |   289 |       |       |       |       ||   289
         Reflection        |       |       |       |       |    15 |   107 |    56 |    38 |     6 ||   222
         Buckler           |       |       |       |       |   347 |   663 |       |       |       ||  1010
         Tower shield      |       |       |       |       |       |  1978 |  2644 |  1154 |   243 ||  6019
